Workbook

Sheet DIRF
A1: Scheme Name | B1: Date | C1: Issuer | D1: Index Weight | E1: Portfolio Weight | F1: Replication Factor
A2: Zerodha Nifty 1D Rate Liquid ETF | B2: =Portfolio!$A$2 -> 46265 | C2: G-Sec / T-Bills | D2: 0 | E2: =Portfolio!AB3 -> 0.0052962304 | F2: =IF(D2<E2,D2,E2) -> 0
A3: Zerodha Nifty 1D Rate Liquid ETF | B3: =Portfolio!$A$2 -> 46265 | C3: Cash and Cash Equivalents | D3: 100 | E3: =Portfolio!AB2 -> 0.99470377 | F3: =IF(D3<E3,D3,E3) -> 0.99470377
A4: Zerodha Nifty 1D Rate Liquid ETF | B4: =Portfolio!$A$2 -> 46265 | C4: Total | D4: =SUM(D2:D3) -> 100 | E4: =SUM(E2:E3) -> 1 | F4: =SUM(F2:F3) -> 0.99470377
A5: Note- CCIL TREPS Margin kept in the form of T-Bills is part of 'G-sec/Tbills'
A7: Zerodha Nifty 8-13 Yr G-Sec ETF | B7: =Portfolio!$A$2 -> 46265 | C7: G-Sec / T-Bills | D7: 100 | E7: =(SUM(Portfolio!V8:V10)/Portfolio!BP8)*100 -> 97.732531 | F7: =IF(D7<E7,D7,E7) -> 97.732531
A8: Zerodha Nifty 8-13 Yr G-Sec ETF | B8: =Portfolio!$A$2 -> 46265 | C8: Cash and Cash Equivalents | D8: 0 | E8: =(Portfolio!BR7+Portfolio!V7)/Portfolio!BP7*100 -> 2.2674688 | F8: =IF(D8<E8,D8,E8) -> 0
A9: Zerodha Nifty 8-13 Yr G-Sec ETF | B9: =Portfolio!$A$2 -> 46265 | C9: Total | D9: =SUM(D7:D8) -> 100 | E9: =SUM(E7:E8) -> 100 | F9: =SUM(F7:F8) -> 97.732531
A10: Note- Accrued interest for coupon bearing securities is part of Cash and Cash Equivalents
A12: Zerodha Nifty Short Duration G-Sec Index Fund | B12: =Portfolio!$A$2 -> 46265 | C12: G-Sec / T-Bills | D12: 100 | E12: =(SUM(Portfolio!V14:V17)/Portfolio!BP14)*100 -> 96.142552 | F12: =IF(D12<E12,D12,E12) -> 96.142552
A13: Zerodha Nifty Short Duration G-Sec Index Fund | B13: =Portfolio!$A$2 -> 46265 | C13: Cash and Cash Equivalents | D13: 0 | E13: =(Portfolio!BR13+Portfolio!V13)/Portfolio!BP13*100 -> 3.8574477 | F13: =IF(D13<E13,D13,E13) -> 0
A14: Zerodha Nifty Short Duration G-Sec Index Fund | B14: =Portfolio!$A$2 -> 46265 | C14: Total | D14: =SUM(D12:D13) -> 100 | E14: =SUM(E12:E13) -> 100 | F14: =SUM(F12:F13) -> 96.142552
A15: Note- Accrued interest for coupon bearing securities is part of Cash and Cash Equivalents

Sheet Portfolio
A1: Nav Date | B1: Client Code | C1: Scheme Name | D1: Security Code | E1: ISIN | F1: Security Name | G1: Security Type | H1: Security Type Name | I1: Industry | J1: Basic Industry | K1: Quantity | L1: Face Value Per Unit (Rs.) | M1: Previous Market Price | N1: Current Market Price | O1: Price Difference | P1: Price Variance between Previous & Current (%) | Q1: Pr_day_Yield | R1: Yield | S1: Average Unit Cost (Rs.) | T1: Total Book Cost (Rs.) | U1: Ammortised Book Cost (Rs.) | V1: Total Market Value (Rs.) | W1: Total Face Value | X1: Unrealised Gain/(Loss) for the day | Y1: Income for the day | Z1: Cummulative Unrealised Gain/(Loss) (Rs.) | AA1: % to Net assests | AB1: % to Investment | AC1: Accrued Interest | AD1: Accretion of Premium/Discount | AE1: Price Date | AF1: Rating | AG1: Coupon Rate | AH1: Previous IP Date | AI1: Next IP Date | AJ1: Final Maturity | AK1: Residual Maturity Period (Days) | AL1: Maturity / Put / Call / Reset Option | AM1: Classification of Maturity / Put / Call / Reset Option | AN1: Listed / Unlisted | AO1: Illiquidty bps | AP1: CBV Matrix | AQ1: Issuer Name | AR1: Exchange | AS1: Rating Crisil | AT1: Rating ICRA | AU1: Yield Crisil | AV1: Yield ICRA | AW1: Price Crisil | AX1: Price ICRA | AY1: Modified Duration Crisil | AZ1: Modified Duration ICRA | BA1: Macaulay Duration Crisil | BB1: Macaulay Duration ICRA | BC1: Stock Exchange | BD1: Average Yield | BE1: Average Modified Duration | BF1: Average Macaulay Duration | BG1: Average Price | BH1: Crisil and ICRA price | BI1: Crisil and ICRA price Variance in % | BJ1: Variance between Own trade and Average Price | BK1: Listed Country | BL1: Currency Code | BM1: Currency Description | BN1: Currency rate | BO1: Base currency | BP1: AUM | BQ1: Units | BR1: Cash & Cash Equivalent:
A2: 46265 | B2: ZLIQD | C2: Zerodha Nifty 1D Rate Liquid ETF | D2: 12508 | E2: INTRPS010926 | F2: TRPS_FV100_ 01-SEP-2026 | G2: TRP | H2: Tri Party Repo (TREPs) | I2: Others | J2: Others | K2: 1012900000 | L2: 100 | N2: 100 | O2: 100 | P2: 0 | Q2: 0.00% | R2: 0.00% | S2: 99.986309 | T2: 1.0127613e+11 | U2: 101290000000 | V2: 101290000000 | W2: 101290000000 | Z2: 13867964 | AA2: 0.99456084 | AB2: 0.99470377 | AC2: 0 | AD2: 13867964 | AE2: 46265 | AG2: 0 | AI2: 46266 | AJ2: 46266 | AK2: 1 | AL2: 46266 | AM2: Maturity | AN2: UNLISTED | AQ2: The Clearing Corporation of India Ltd. | BI2: 0 | BJ2: 0 | BK2: INDIA | BL2: INR | BM2: INR | BN2: 1 | BO2: INR | BP2: 1.0184395e+11 | BQ2: 880125788 | BR2: 14633844
A3: 46265 | B3: ZLIQD | C3: Zerodha Nifty 1D Rate Liquid ETF | D3: 9945 | E3: IN002025Z245 | F3: 364 Days Treasury Bill 10-Sep-2026 | G3: TBL | H3: Treasury Bills | I3: Government Securities | J3: Government Securities | K3: 5400000 | L3: 100 | M3: 99.8599 | N3: 99.8725 | O3: 0.0126 | P3: 0.00012617677 | Q3: 5.1774% | R3: 5.1774% | S3: 99.6638 | T3: 538184520 | U3: 539319195 | V3: 539311500 | W3: 540000000 | Y3: 75643.2 | Z3: -538192215 | AA3: 0.0052954694 | AB3: 0.0052962304 | AC3: 0 | AD3: 1134675 | AE3: 46265 | AF3: SOVEREIGN | AG3: 0 | AH3: 45910 | AI3: 46275 | AJ3: 46275 | AK3: 10 | AL3: 46275 | AM3: Maturity | AN3: LISTED | AQ3: Reserve Bank of India | AS3: Sovereign | AT3: Sovereign | AU3: 5.1727% | AV3: 5.182% | AW3: 99.8726 | AX3: 99.8724 | BD3: 5.1774% | BG3: 99.8725 | BI3: 0 | BJ3: 0 | BK3: INDIA | BL3: INR | BM3: INR | BN3: 1 | BO3: INR | BP3: 1.0184395e+11 | BQ3: 880125788 | BR3: 14633844
A6: Nav Date | B6: Client Code | C6: Scheme Name | D6: Security Code | E6: ISIN | F6: Security Name | G6: Security Type | H6: Security Type Name | I6: Industry | J6: Basic Industry | K6: Quantity | L6: Face Value Per Unit (Rs.) | M6: Previous Market Price | N6: Current Market Price | O6: Price Difference | P6: Price Variance between Previous & Current (%) | Q6: Pr_day_Yield | R6: Yield | S6: Average Unit Cost (Rs.) | T6: Total Book Cost (Rs.) | U6: Ammortised Book Cost (Rs.) | V6: Total Market Value (Rs.) | W6: Total Face Value | X6: Unrealised Gain/(Loss) for the day | Y6: Income for the day | Z6: Cummulative Unrealised Gain/(Loss) (Rs.) | AA6: % to Net assests | AB6: % to Investment | AC6: Accrued Interest | AD6: Accretion of Premium/Discount | AE6: Price Date | AF6: Rating | AG6: Coupon Rate | AH6: Previous IP Date | AI6: Next IP Date | AJ6: Final Maturity | AK6: Residual Maturity Period (Days) | AL6: Maturity / Put / Call / Reset Option | AM6: Classification of Maturity / Put / Call / Reset Option | AN6: Listed / Unlisted | AO6: Illiquidty bps | AP6: CBV Matrix | AQ6: Issuer Name | AR6: Exchange | AS6: Rating Crisil | AT6: Rating ICRA | AU6: Yield Crisil | AV6: Yield ICRA | AW6: Price Crisil | AX6: Price ICRA | AY6: Modified Duration Crisil | AZ6: Modified Duration ICRA | BA6: Macaulay Duration Crisil | BB6: Macaulay Duration ICRA | BC6: Stock Exchange | BD6: Average Yield | BE6: Average Modified Duration | BF6: Average Macaulay Duration | BG6: Average Price | BH6: Crisil and ICRA price | BI6: Crisil and ICRA price Variance in % | BJ6: Variance between Own trade and Average Price | BK6: Listed Country | BL6: Currency Code | BM6: Currency Description | BN6: Currency rate | BO6: Base currency | BP6: AUM | BQ6: Units | BR6: Cash & Cash Equivalent:
A7: 46265 | B7: ZLTGC | C7: Zerodha Nifty 8-13 Yr G-Sec ETF | D7: 12508 | E7: INTRPS010926 | F7: TRPS_FV100_ 01-SEP-2026 | G7: TRP | H7: Tri Party Repo (TREPs) | I7: Others | J7: Others | K7: 90000 | L7: 100 | N7: 100 | O7: 100 | P7: 0 | Q7: 0.00% | R7: 0.00% | S7: 99.986974 | T7: 8998827.7 | U7: 9000000 | V7: 9000000 | W7: 9000000 | Z7: 1172.34 | AA7: 0.0074309661 | AB7: 0.0075459952 | AC7: 0 | AD7: 1172.34 | AE7: 46265 | AG7: 0 | AI7: 46266 | AJ7: 46266 | AK7: 1 | AL7: 46266 | AM7: Maturity | AN7: UNLISTED | AQ7: The Clearing Corporation of India Ltd. | BI7: 0 | BJ7: 0 | BK7: INDIA | BL7: INR | BM7: INR | BN7: 1 | BO7: INR | BP7: 1.211148e+09 | BQ7: 39851094 | BR7: 18462404
A8: 46265 | B8: ZLTGC | C8: Zerodha Nifty 8-13 Yr G-Sec ETF | D8: 10443 | E8: IN0020250091 | F8: 6.48% GOI 06-Oct-2035 | G8: GSE | H8: Govt Securities / SDL | I8: Government Securities | J8: Government Securities | K8: 3574400 | L8: 100 | M8: 97.2834 | N8: 97.1013 | O8: -0.1821 | P8: -0.0018718507 | Q8: 6.8854% | R8: 6.9133% | S8: 97.94361 | T8: 3.5008964e+08 | U8: 3.5008964e+08 | V8: 3.4707889e+08 | W8: 357440000 | Y8: 64339.2 | Z8: -3010754.1 | AA8: 0.28657016 | AB8: 0.29100618 | AC8: 9329184 | AD8: 0 | AE8: 46265 | AF8: SOVEREIGN | AG8: 6.48 | AH8: 46118 | AI8: 46301 | AJ8: 49588 | AK8: 3323 | AL8: 49588 | AM8: Maturity | AN8: LISTED | AQ8: Government of India | AS8: Sovereign | AT8: Sovereign | AU8: 6.9133% | AV8: 6.9133% | AW8: 97.1014 | AX8: 97.1011 | AY8: 6.5694123 | AZ8: 6.5694062 | BA8: 6.7964923 | BB8: 6.7964876 | BE8: 6.5694087 | BF8: 6.7964895 | BG8: 97.1013 | BI8: 0 | BJ8: 0 | BK8: INDIA | BL8: INR | BM8: INR | BN8: 1 | BO8: INR | BP8: 1.211148e+09 | BQ8: 39851094 | BR8: 18462404 | BS8: =BP8-SUM(V8:V10) -> 27462404
A9: 46265 | B9: ZLTGC | C9: Zerodha Nifty 8-13 Yr G-Sec ETF | D9: 9382 | E9: IN0020250026 | F9: 6.33% GOI 05-May-2035 | G9: GSE | H9: Govt Securities / SDL | I9: Government Securities | J9: Government Securities | K9: 2000000 | L9: 100 | M9: 96.6581 | N9: 96.3998 | O9: -0.2583 | P9: -0.0026723058 | Q9: 6.8451% | R9: 6.8861% | S9: 98.121802 | T9: 1.962436e+08 | U9: 1.962436e+08 | V9: 192799600 | W9: 200000000 | Y9: 35166.66 | Z9: -3444004.3 | AA9: 0.15918748 | AB9: 0.16165165 | AC9: 4079333.3 | AD9: 0 | AE9: 46265 | AF9: SOVEREIGN | AG9: 6.33 | AH9: 46147 | AI9: 46331 | AJ9: 49434 | AK9: 3169 | AL9: 49434 | AM9: Maturity | AN9: LISTED | AQ9: Government of India | AS9: Sovereign | AT9: Sovereign | AU9: 6.8861% | AV9: 6.8861% | AW9: 96.3998 | AX9: 96.3998 | AY9: 6.4091547 | AZ9: 6.4091547 | BA9: 6.6298251 | BB9: 6.6298251 | BE9: 6.409155 | BF9: 6.6298254 | BG9: 96.3998 | BI9: 0 | BJ9: 0 | BK9: INDIA | BL9: INR | BM9: INR | BN9: 1 | BO9: INR | BP9: 1.211148e+09 | BQ9: 39851094 | BR9: 18462404 | BS9: =BS8/BP8*100 -> 2.2674688
A10: 46265 | B10: ZLTGC | C10: Zerodha Nifty 8-13 Yr G-Sec ETF | D10: 12680 | E10: IN0020260025 | F10: 6.94% GOI 11-May-2036 | G10: GSE | H10: Govt Securities / SDL | I10: Government Securities | J10: Government Securities | K10: 6443600 | L10: 100 | M10: 100.1676 | N10: 99.9142 | O10: -0.2534 | P10: -0.0025297601 | Q10: 6.914% | R10: 6.9503% | S10: 101.11342 | T10: 6.5153444e+08 | U10: 6.5153444e+08 | V10: 6.4380714e+08 | W10: 644360000 | Y10: 311652.27 | Z10: -7727305.2 | AA10: 0.53156767 | AB10: 0.53979618 | AC10: 13664012 | AD10: 0 | AE10: 46265 | AF10: SOVEREIGN | AG10: 6.94 | AH10: 46153 | AI10: 46337 | AJ10: 49806 | AK10: 3541 | AL10: 49806 | AM10: Maturity | AN10: LISTED | AQ10: Government of India | AS10: Sovereign | AT10: Sovereign | AU10: 6.9503% | AV10: 6.9503% | AW10: 99.9143 | AX10: 99.9141 | AY10: 6.8288206 | AZ10: 6.8288168 | BA10: 7.0661314 | BB10: 7.0661284 | BE10: 6.8288184 | BF10: 7.0661297 | BG10: 99.9142 | BI10: 0 | BJ10: 0 | BK10: INDIA | BL10: INR | BM10: INR | BN10: 1 | BO10: INR | BP10: 1.211148e+09 | BQ10: 39851094 | BR10: 18462404
A12: Nav Date | B12: Client Code | C12: Scheme Name | D12: Security Code | E12: ISIN | F12: Security Name | G12: Security Type | H12: Security Type Name | I12: Industry | J12: Basic Industry | K12: Quantity | L12: Face Value Per Unit (Rs.) | M12: Previous Market Price | N12: Current Market Price | O12: Price Difference | P12: Price Variance between Previous & Current (%) | Q12: Pr_day_Yield | R12: Yield | S12: Average Unit Cost (Rs.) | T12: Total Book Cost (Rs.) | U12: Ammortised Book Cost (Rs.) | V12: Total Market Value (Rs.) | W12: Total Face Value | X12: Unrealised Gain/(Loss) for the day | Y12: Income for the day | Z12: Cummulative Unrealised Gain/(Loss) (Rs.) | AA12: % to Net assests | AB12: % to Investment | AC12: Accrued Interest | AD12: Accretion of Premium/Discount | AE12: Price Date | AF12: Rating | AG12: Coupon Rate | AH12: Previous IP Date | AI12: Next IP Date | AJ12: Final Maturity | AK12: Residual Maturity Period (Days) | AL12: Maturity / Put / Call / Reset Option | AM12: Classification of Maturity / Put / Call / Reset Option | AN12: Listed / Unlisted | AO12: Illiquidty bps | AP12: CBV Matrix | AQ12: Issuer Name | AR12: Exchange | AS12: Rating Crisil | AT12: Rating ICRA | AU12: Yield Crisil | AV12: Yield ICRA | AW12: Price Crisil | AX12: Price ICRA | AY12: Modified Duration Crisil | AZ12: Modified Duration ICRA | BA12: Macaulay Duration Crisil | BB12: Macaulay Duration ICRA | BC12: Stock Exchange | BD12: Average Yield | BE12: Average Modified Duration | BF12: Average Macaulay Duration | BG12: Average Price | BH12: Crisil and ICRA price | BI12: Crisil and ICRA price Variance in % | BJ12: Variance between Own trade and Average Price | BK12: Listed Country | BL12: Currency Code | BM12: Currency Description | BN12: Currency rate | BO12: Base currency | BP12: AUM | BQ12: Units | BR12: Cash & Cash Equivalent:
A13: 46265 | B13: ZNSDG | C13: Zerodha Nifty Short Duration G-Sec Index Fund | D13: 12508 | E13: INTRPS010926 | F13: TRPS_FV100_ 01-SEP-2026 | G13: TRP | H13: Tri Party Repo (TREPs) | I13: Others | J13: Others | K13: 65000 | L13: 100 | N13: 100 | O13: 100 | P13: 0 | Q13: 0.00% | R13: 0.00% | S13: 99.986974 | T13: 6499153.3 | U13: 6500000 | V13: 6500000 | W13: 6500000 | Z13: 846.69 | AA13: 0.026283783 | AB13: 0.026610849 | AC13: 0 | AD13: 846.69 | AE13: 46265 | AG13: 0 | AI13: 46266 | AJ13: 46266 | AK13: 1 | AL13: 46266 | AM13: Maturity | AN13: UNLISTED | AQ13: The Clearing Corporation of India Ltd. | BI13: 0 | BJ13: 0 | BK13: INDIA | BL13: INR | BM13: INR | BN13: 1 | BO13: INR | BP13: 2.4730078e+08 | BQ13: 240602.05 | BR13: 3039498.1
A14: 46265 | B14: ZNSDG | C14: Zerodha Nifty Short Duration G-Sec Index Fund | D14: 7596 | E14: IN0020240050 | F14: 7.04% GOI - 03-Jun-2029 | G14: GSE | H14: Govt Securities / SDL | I14: Government Securities | J14: Government Securities | K14: 650000 | L14: 100 | M14: 101.8984 | N14: 101.6999 | O14: -0.1985 | P14: -0.0019480188 | Q14: 6.2744% | R14: 6.3523% | S14: 102.31115 | T14: 66502250 | U14: 66502250 | V14: 66104935 | W14: 65000000 | Y14: 12711.11 | Z14: -397315 | AA14: 0.26730581 | AB14: 0.27063207 | AC14: 1118577.8 | AD14: 0 | AE14: 46265 | AF14: SOVEREIGN | AG14: 7.04 | AH14: 46176 | AI14: 46359 | AJ14: 47272 | AK14: 1007 | AL14: 47272 | AM14: Maturity | AN14: LISTED | AQ14: Government of India | AS14: Sovereign | AT14: Sovereign | AU14: 6.3523% | AV14: 6.3523% | AW14: 101.6999 | AX14: 101.6999 | AY14: 2.4370079 | AZ14: 2.4370079 | BA14: 2.514411 | BB14: 2.514411 | BE14: 2.437008 | BF14: 2.514411 | BG14: 101.6999 | BI14: 0 | BJ14: 0 | BK14: INDIA | BL14: INR | BM14: INR | BN14: 1 | BO14: INR | BP14: 2.4730078e+08 | BQ14: 240602.05 | BR14: 3039498.1 | BS14: =BP14-SUM(V14:V17) -> 9539498.1
A15: 46265 | B15: ZNSDG | C15: Zerodha Nifty Short Duration G-Sec Index Fund | D15: 6131 | E15: IN0020230010 | F15: 7.06% GOI - 10-Apr-2028 | G15: GSE | H15: Govt Securities / SDL | I15: Government Securities | J15: Government Securities | K15: 510000 | L15: 100 | M15: 101.5486 | N15: 101.472 | O15: -0.0766 | P15: -0.00075431862 | Q15: 6.031% | R15: 6.0795% | S15: 101.74274 | T15: 51888798 | U15: 51888798 | V15: 51750720 | W15: 51000000 | Y15: 10001.67 | Z15: -138078.49 | AA15: 0.20926226 | AB15: 0.21186624 | AC15: 1410235 | AD15: 0 | AE15: 46265 | AF15: SOVEREIGN | AG15: 7.06 | AH15: 46122 | AI15: 46305 | AJ15: 46853 | AK15: 588 | AL15: 46853 | AM15: Maturity | AN15: LISTED | AQ15: Government of India | AS15: Sovereign | AT15: Sovereign | AU15: 6.0795% | AV15: 6.0795% | AW15: 101.4719 | AX15: 101.472 | AY15: 1.4648379 | AZ15: 1.4648382 | BA15: 1.5093656 | BB15: 1.5093656 | BE15: 1.4648379 | BF15: 1.5093656 | BG15: 101.472 | BI15: 0 | BJ15: 0 | BK15: INDIA | BL15: INR | BM15: INR | BN15: 1 | BO15: INR | BP15: 2.4730078e+08 | BQ15: 240602.05 | BR15: 3039498.1 | BS15: =BS14/BP14*100 -> 3.8574477
A16: 46265 | B16: ZNSDG | C16: Zerodha Nifty Short Duration G-Sec Index Fund | D16: 13134 | E16: IN0020250125 | F16: 06.03 GOVT. STOCK 2029 | G16: GSE | H16: Govt Securities / SDL | I16: Government Securities | J16: Government Securities | K16: 1000000 | L16: 100 | M16: 99.4517 | N16: 99.3419 | O16: -0.1098 | P16: -0.0011040535 | Q16: 6.2757% | R16: 6.32595% | S16: 99.811456 | T16: 99811456 | U16: 99811456 | V16: 99341900 | W16: 100000000 | Y16: 16750 | Z16: -469556 | AA16: 0.40170476 | AB16: 0.40670343 | AC16: 569500 | AD16: 0 | AE16: 46265 | AF16: SOVEREIGN | AG16: 6.03 | AH16: 46230 | AI16: 46414 | AJ16: 47145 | AK16: 880 | AL16: 47145 | AM16: Maturity | AN16: LISTED | AQ16: Reserve Bank of India | AS16: Sovereign | AT16: Sovereign | AU16: 6.3331% | AV16: 6.3188% | AW16: 99.3262 | AX16: 99.3576 | AY16: 2.1934082 | AZ16: 2.1935865 | BA16: 2.2628636 | BB16: 2.2628907 | BE16: 2.1934974 | BF16: 2.2628771 | BG16: 99.3419 | BI16: 0 | BJ16: 0 | BK16: INDIA | BL16: INR | BM16: INR | BN16: 1 | BO16: INR | BP16: 2.4730078e+08 | BQ16: 240602.05 | BR16: 3039498.1
A17: 46265 | B17: ZNSDG | C17: Zerodha Nifty Short Duration G-Sec Index Fund | D17: 474 | E17: IN0020180454 | F17: 7.26% GOI 14-Jan-2029 | G17: GSE | H17: Govt Securities / SDL | I17: Government Securities | J17: Government Securities | K17: 201600 | L17: 100 | M17: 102.0999 | N17: 102.0026 | O17: -0.0973 | P17: -0.0009529882 | Q17: 6.2884% | R17: 6.3316% | S17: 103.23613 | T17: 20812404 | U17: 20812404 | V17: 20563724 | W17: 20160000 | Y17: 4065.6 | Z17: -248679.35 | AA17: 0.083152687 | AB17: 0.084187409 | AC17: 191083.2 | AD17: 0 | AE17: 46265 | AF17: SOVEREIGN | AG17: 7.26 | AH17: 46217 | AI17: 46401 | AJ17: 47132 | AK17: 867 | AL17: 47132 | AM17: Maturity | AN17: LISTED | AQ17: Government of India | AS17: Sovereign | AT17: Sovereign | AU17: 6.3316% | AV17: 6.3315% | AW17: 102.0024 | AX17: 102.0027 | AY17: 2.1347822 | AZ17: 2.1347839 | BA17: 2.2023655 | BB17: 2.2023658 | BE17: 2.1347832 | BF17: 2.2023657 | BG17: 102.0026 | BI17: 0 | BJ17: 0 | BK17: INDIA | BL17: INR | BM17: INR | BN17: 1 | BO17: INR | BP17: 2.4730078e+08 | BQ17: 240602.05 | BR17: 3039498.1
